 Dungeon Crawl Stone Soup version 0.29-a0-1006-g0dd7720b37 (webtiles) character file.

Game seed: 17515392277716601496

106416 concernfroge the Impaler (level 15, -2/115 HPs)
             Began as a Mummy Monk on Aug 6, 2022.
             Was a High Priest of Cheibriados.
             Shot with a bolt by Saint Roka (11 damage)
             ... on level 2 of the Orcish Mines.
             The game lasted 01:52:06 (20433 turns).

concernfroge the Impaler (Mummy Monk)              Turns: 20433, Time: 01:52:07

Health: -2/115     AC: 16    Str: 40    XL:     15   Next: 97%
Magic:  16/21      EV: 21    Int: 25    God:    Cheibriados [*****.]
Gold:   1035       SH:  5    Dex: 31    Spells: 14/14 levels left

rFire   . . .      SeeInvis +   a - +7 glaive of the Hero {vorpal, rF+ Str+7}
rCold   + . .      Faith    .   (shield currently unavailable)
rNeg    + + +      Spirit   .   H - +4 scale mail "Iwusehit" {+Blink Dex+3 Stlth+}
rPois   ∞          Reflect  +   h - +1 helmet
rElec   .          Harm     .   m - +1 cloak
rCorr   .          Rampage  .   (no gloves)
Will    ++...                   G - +1 pair of boots
Stlth   ++........              K - amulet of reflection
HPRegen 0.29/turn               x - ring of see invisible
MPRegen 0.17/turn               z - ring of Peace {Will+ Int+4 Slay+5}

@: very slow
A: cold resistance 1, negative energy resistance 3, torment resistance 2, heat
vulnerability 1, in touch with death 2, no potions
a: Renounce Religion, Evoke Blink, Bend Time, Temporal Distortion, Slouch, Step
From Time


You were on level 2 of the Orcish Mines.
You worshipped Cheibriados.
Cheibriados was extremely pleased with you.
You visited 3 branches of the dungeon, and saw 21 of its levels.
You also visited: Ossuary.

You collected 2290 gold pieces.
You spent 1255 gold pieces at shops.

Inventory:

Hand Weapons
 a - the +7 glaive of the Hero (weapon) {vorpal, rF+ Str+7}
   (You acquired it on level 5 of the Dungeon)

   It inflicts extra damage upon your enemies.
   Str:       It affects your strength (+7).
   rF:        It protects you from fire.
 b - a +2 bardiche of flaming
Missiles
 c - 71 poisoned darts (quivered)
 p - a throwing net
 E - 6 silver boomerangs
 I - 2 curare-tipped darts
Armour
 h - a +1 helmet (worn)
 m - a +1 cloak (worn)
 G - a +1 pair of boots (worn)
 H - the +4 scale mail "Iwusehit" (worn) {+Blink Dex+3 Stlth+}
   (You found it on level 5 of the Lair of Beasts)

   Dex:       It affects your dexterity (+3).
   +Blink:    It lets you blink.
   Stlth:     It makes you more stealthy.
Jewellery
 j - a ring of willpower
 s - an amulet of regeneration
 x - a ring of see invisible (left hand)
 y - a +4 ring of protection
 z - the ring of Peace (right hand) {Will+ Int+4 Slay+5}
   (You found it on level 9 of the Dungeon)

   [ring of willpower]

   Int:       It affects your intelligence (+4).
   Slay:      It affects your accuracy & damage with ranged weapons and melee
   (+5).
   Will:      It increases your willpower.
 B - a ring of protection from fire
 J - an amulet of the acrobat
 K - an amulet of reflection (around neck)
Wands
 n - a wand of polymorph (12)
 u - a wand of iceblast (8)
 v - a wand of light (4)
 C - a wand of digging (4)
 F - a wand of flame (16)
Scrolls
 d - 2 scrolls of magic mapping
 e - 7 scrolls of immolation
 f - 5 scrolls of noise
 g - 2 scrolls of teleportation
 i - 4 scrolls of brand weapon
 l - a scroll of summoning
 r - 3 scrolls of amnesia
 t - 3 scrolls of fog
 w - 5 scrolls of vulnerability
 D - 7 scrolls of fear
 M - a scroll of silence
Miscellaneous
 k - a condenser vane (inert)
 N - a phantom mirror (inert)


   Skills:
 - Level 10.0 Fighting
 - Level 20.0 Polearms
 + Level 9.4 Dodging
 - Level 1.5 Stealth
 - Level 8.5 Invocations


You had 14 spell levels left.
You didn't know any spells.
Your spell library contained the following spells:

 Spells                   Type           Power      Damage    Failure   Level
 Shock                    Conj/Air       0%         1d3       24%         1
 Sting                    Tmut/Pois      0%         1d3       24%         1
 Blink                    Tloc           0%         N/A       36%         2
 Poisonous Vapours        Pois/Air       0%         N/A       36%         2
 Scorch                   Fire           0%         2d5       36%         2
 Frozen Ramparts          Ice            0%         1d1       58%         3
 Lesser Beckoning         Tloc           0%         N/A       58%         3
 Swiftness                Air            0%         N/A       58%         3
 Tukima's Dance           Hex            0%         N/A       58%         3
 Airstrike                Air            0%         2d(0-16)  94%         4
 Anguish                  Hex/Necr       0%         N/A       94%         4
 Corpse Rot               Necr/Pois/Air  0%         N/A       94%         4
 Flame Wave               Conj/Fire      0%         2d4       94%         4
 Olgreb's Toxic Radiance  Pois           0%         N/A       94%         4
 Passage of Golubria      Tloc           0%         N/A       94%         4
 Summon Ice Beast         Ice/Summ       0%         N/A       94%         4
 Summon Lightning Spire   Summ/Air       0%         N/A       94%         4
 Manifold Assault         Tloc           0%         N/A       100%        5
 Summon Forest            Summ/Tloc      0%         N/A       100%        5
 Yara's Violent Unravell  Hex/Tmut       0%         3d3       100%        5
 Eringya's Noxious Bog    Tmut/Pois      0%         N/A       100%        6
 Summon Cactus Giant      Summ           0%         N/A       100%        6
 Enfeeble                 Hex            0%         N/A       100%        7
 Summon Hydra             Summ           0%         N/A       100%        7
 Maxwell's Capacitive Co  Air            0%         ∞         100%        8
 Ice Form                 Ice/Tmut       Unusable   N/A       N/A         4
 Storm Form               Tmut/Air       Unusable   N/A       N/A         7

Dungeon Overview and Level Annotations

Branches:
Dungeon (15/15)            Temple (0/1) D:4            Lair (5/5) D:9
 Shoals (0/4) Lair:2       Spider (0/4) Lair:3        Slime (0/5) Lair:5
    Orc (2/2) D:10            Elf (0/3) Orc:2        Vaults (0/5) D:14
 Depths (0/4) D:15        Ossuary (visited)

Altars:
Ashenzari
Cheibriados
Gozag
Hepliaklqana
Makhleb
Okawaru
Vehumet
Xom
Jiyva

Shops:
D:5 [[??=   D:7 :   D:11 ?(?*   D:13 ?:?[(

Portals:
Abyss: D:7

Annotations:
Lair:3 1 runed translucent door
Orc:2 Saint Roka


Innate Abilities, Weirdness & Mutations

You are immune to poison.
Your flesh is cold resistant. (rC+)
You are immune to negative energy. (rN+++)
You are immune to unholy pain and torment.
You are vulnerable to heat. (rF-)
You are strongly in touch with the powers of death.
You do not drink.


Message History

Okay, then.
An orc and an orc wizard come into view.
The orc is wielding a +2 whip of venom.
Saint Roka is engulfed in noxious fumes.
Saint Roka roars a battlecry!
The orc goes into a battle-frenzy!
The orc wizard hits the orc with a +0 dagger.
Saint Roka is engulfed in noxious fumes.
Saint Roka unwields a +1 bardiche of venom.
It stops dripping with poison.
Saint Roka wields a +0 arbalest of flaming.
It bursts into flame!
Saint Roka shoots a bolt.
The bolt hits you but does no damage.
An orc comes into view. It is wielding a +0 club.
Found a club and a dagger.
Flame seeps out of Saint Roka.
Saint Roka is engulfed in noxious fumes.
Saint Roka calls down the wrath of Beogh upon you.
Beogh smites you!
The orc warrior hits itself with a +0 scimitar!!
Saint Roka is engulfed in noxious fumes.
Saint Roka shoots a bolt.
The bolt hits you!!! The bolt burns you!
Activating: Slouch (4% risk of failure)
Press: ? - help, Dir - look around, f - activate You can feel time thicken for a moment.
You kill the orc!
Cheibriados appreciates the change of pace.
Flame seeps out of Saint Roka.
You kill the orc!
Cheibriados appreciates the change of pace.
You kill the orc wizard!
Cheibriados appreciates the change of pace.
You kill the orc warrior!
Cheibriados appreciates the change of pace.
Cheibriados lowers the support of your attributes as your movement quickens.
Flame seeps out of Saint Roka.
Saint Roka is engulfed in noxious fumes.
Saint Roka shoots a bolt.
The bolt hits you!!
* * * LOW HITPOINT WARNING * * *
The bolt burns you!
You die...

..........##,,,,**,,,,**,,,,,,,,,
.#...............))..#*,,,,,,,,,,
...#...#...#.....)(.)#,,,,,,*****
...........#....°))o(#,,,,,,,*,*,
.................○○○.#,,,,,*,,,,,
.................☼)☼.#,,,,***,,,*
..................§..#,,*,,*,,,,,
...).#...........°☼..#,,**,,,*∩*,
..))............@○.).#,,*,,,,∩,∩,
......)..........§☼..#,,**,,,*∩*,
.)).....)..........).#,,*,,*,,,,,
)....................#,,,,***,,,*
.....................#,,...#,,,,,
.............$.......#,,....,*,*,
..........##.......).#,,....#####
...........#.........##,,.....[..
......................##,,.......


You could see Saint Roka (inner flame, very poisoned).

Vanquished Creatures
  Rupert (D:14)
  Frances (D:12)
  Agnes (D:14)
  Nessos (D:14)
  The ghost of pigah the Zephyrmancer, a journeyman OpAE of Gozag (Lair:1)
  An ettin (D:15)
  Josephine (D:13)
  4 hydras
  2 boulder beetles
  A catoblepas (Lair:5)
  Erica (D:8)
  An ogre mage (Orc:2)
  8 two-headed ogres
  5 centaur warriors (D:14)
  6 death yaks
  A tengu warrior (D:15)
  4 orc high priests (Orc:2)
  The ghost of Valamore the Cleaver, a novice FoFi (D:7)
  A fire crab (Lair:5)
  Amaemon (Lair:3)
  5 skeletal warriors
  A wizard (D:14)
  A deep troll (D:15)
  A lindwurm (Lair:5)
  2 orc knights
  2 necromancers (D:15)
  A deep elf pyromancer (D:13)
  5 orc sorcerers
  5 manticores
  A wolf spider (Lair:3)
  10 ugly things
  11 cyclopes
  22 slime creatures
  13 elephants
  A toenail golem (D:7)
  6 black mambas
  2 torpor snails (Lair:2)
  12 cane toads
  An orange demon (Lair:3)
  An unseen horror (shapeshifter) (D:14)
  A kobold demonologist (D:10)
  An unseen horror (D:13)
  2 tengu conjurers
  6 komodo dragons
  3 rime drakes
  A queen bee (Lair:1)
  4 trolls
  5 hornets
  11 polar bears (Lair:5)
  7 dream sheep
  Grinder (D:6)
  10 blink frogs
  A raiju (Lair:5)
  3 shadows
  A vampire (D:9)
  3 fire bats (Lair:3)
  3 wraiths
  67 yaks
  10 wyverns
  3 redbacks (Lair:3)
  16 humans (D:14)
  2 steam dragons
  4 vampire mosquitoes
  2 basilisks
  A small abomination (D:7)
  7 wargs
  3 acid dragons
  16 hell hounds (Lair:5)
  16 water moccasins
  23 orc warriors
  A sky beast (D:7)
  14 black bears
  8 ogres
  27 wolves
  9 centaurs
  2 phantoms (D:10)
  Blork the orc (D:5)
  5 kobold brigands
  12 bullfrogs
  2 necrophages
  6 scorpions
  2 gnoll sergeants
  An elf zombie (Ossuary)
  5 wights (D:10)
  A troll zombie (D:10)
  30 killer bees
  3 electric eels
  10 howler monkeys
  2 human zombies (Ossuary)
  2 quasits (D:7)
  21 orc priests
  10 hounds
  3 jellies
  A gnoll bouda (D:6)
  2 iguanas
  29 orc wizards
  5 ogre zombies (D:10)
  3 hound zombies (Ossuary)
  4 mummies (Ossuary)
  12 gnolls
  3 adders
  An ufetubus (D:5)
  66 orcs
  9 ball pythons
  6 bats
  5 endoplasms
  4 giant cockroaches
  5 goblins
  12 hobgoblins
  28 kobolds
  2 quokkas (D:2)
  3 frilled lizards (D:1)
  2 goblin skeletons (D:10)
  5 goblin zombies
  2 hobgoblin skeletons (D:10)
  5 hobgoblin zombies
  A jackal zombie (Ossuary)
  3 orc skeletons (D:10)
  7 orc zombies (D:10)
  2 rats
  2 rat zombies (Ossuary)
  A spectral hobgoblin (D:1)
786 creatures vanquished.

Vanquished Creatures (collateral kills)
  A wraith (D:13)
  A black bear (Lair:5)
2 creatures vanquished.

Vanquished Creatures (others)
  A black bear (Lair:5)
  27 fungi
  30 plants
  7 toadstools (Lair:3)
65 creatures vanquished.

Grand Total: 853 creatures vanquished

Notes
Turn   | Place    | Note
-------+----------+-------------------------------------------
     0 | D:1      | concernfroge the Mummy Monk began the quest for the Orb.
     0 | D:1      | Reached XP level 1. HP: 18/18 MP: 1/1
   143 | D:1      | Reached XP level 2. HP: 24/24 MP: 2/2
   507 | D:1      | Found a faded altar of an unknown god.
   854 | D:2      | Found a snail-covered altar of Cheibriados.
   874 | D:2      | Gained mutation: You are in touch with the powers of death.
                  | [Mummy growth]
   874 | D:2      | Reached XP level 3. HP: 26/30 MP: 3/3
   894 | D:2      | Became a worshipper of Cheibriados the Contemplative
   894 | D:2      | Reached * piety under Cheibriados
   894 | D:2      | Reached ** piety under Cheibriados
  1286 | D:2      | You fall into a shaft and drop 2 floors!
  1481 | D:4      | Reached XP level 4. HP: 36/38 MP: 4/4
  1509 | D:4      | Found a staircase to the Ecumenical Temple.
  1636 | D:4      | Noticed a necrophage
  1646 | D:4      | Killed a necrophage
  1647 | D:4      | Reached skill level 5 in Fighting
  1647 | D:4      | Reached skill level 1 in Invocations
  1833 | D:4      | Reached XP level 5. HP: 44/44 MP: 6/6
  1989 | D:4      | Reached *** piety under Cheibriados
  2081 | D:4      | Reached XP level 6. HP: 52/52 MP: 6/8
  2529 | D:5      | Entered Level 5 of the Dungeon
  2549 | D:5      | Noticed Blork the orc
  2551 | D:5      | Found a sand-covered staircase.
  2558 | Ossuary  | Entered an ossuary
  2814 | Ossuary  | Reached XP level 7. HP: 59/59 MP: 9/9
  2923 | D:5      | Identified the +8 mace of Isuj {drain, Drain rC+ MP+9
                  | Str+7}
  2938 | D:5      | Found Ceacw's Magic Scroll Emporium.
  2963 | D:5      | Found Keanunih's Magic Scroll Shoppe.
  3007 | D:5      | Found Zegiatzuure's Antique Armour Shoppe.
  3014 | D:5      | Bought a faintly humming chain mail for 266 gold pieces
  3014 | D:5      | Identified the +1 chain mail "Ruotus" {Dex+3} (You bought
                  | it in a shop on level 5 of the Dungeon)
  3219 | D:5      | Found Ypnubb's Jewellery Shoppe.
  3450 | D:5      | Found Maigisk's Antique Armour Shop.
  3494 | D:5      | Reached XP level 8. HP: 65/69 MP: 11/11
  3744 | D:5      | Killed Blork the orc
  3750 | D:5      | Reached **** piety under Cheibriados
  3943 | D:6      | Reached skill level 10 in Fighting
  4093 | D:6      | Reached skill level 5 in Invocations
  4105 | D:6      | Noticed Grinder
  4117 | D:6      | Killed Grinder
  4118 | D:6      | Reached XP level 9. HP: 78/78 MP: 13/13
  4484 | D:7      | Reached ***** piety under Cheibriados
  4512 | D:7      | Found Seokyr's Book Shop.
  4739 | D:7      | Found a one-way gate to the infinite horrors of the Abyss.
  4739 | D:7      | Noticed Valamore's ghost (novice FoFi)
  4756 | D:7      | Noticed a toenail golem
  4789 | D:7      | Found a transporter.
  4794 | D:7      | Found a transporter.
  4893 | D:8      | Found a shimmering altar of Xom.
  4901 | D:8      | Reached skill level 3 in Polearms
  4996 | D:8      | Noticed Erica
  5000 | D:8      | Killed Erica
  5001 | D:8      | Reached skill level 5 in Polearms
  5154 | D:8      | Reached XP level 10. HP: 61/85 MP: 16/16
  5567 | D:9      | Noticed a cyclops
  5584 | D:9      | Reached skill level 6 in Polearms
  5640 | D:9      | Reached skill level 7 in Polearms
  5704 | D:9      | Killed a cyclops
  5741 | D:9      | Reached skill level 8 in Polearms
  5765 | D:9      | Reached skill level 9 in Polearms
  5835 | D:9      | Noticed a cyclops
  5842 | D:9      | Killed a cyclops
  5850 | D:9      | Reached XP level 11. HP: 68/90 MP: 12/17
  5975 | D:9      | Reached skill level 10 in Polearms
  6208 | D:9      | Identified the ring of Peace {Will+ Int+4 Slay+5}
  6287 | D:9      | Found a staircase to the Lair.
  6546 | Lair:1   | Entered Level 1 of the Lair of Beasts
  6673 | Lair:1   | Found a transporter.
  6684 | Lair:1   | Noticed pigah's ghost (journeyman OpAE)
  6700 | Lair:1   | Found a transporter.
  6925 | Lair:1   | Reached skill level 11 in Polearms
  7444 | Lair:2   | Noticed an eight-headed hydra
  7464 | Lair:2   | Reached skill level 12 in Polearms
  7555 | Lair:2   | Identified the +4 quarterstaff of Semuocko {flame, rPois}
  7576 | Lair:2   | Reached XP level 12. HP: 41/97 MP: 15/18
  7873 | Lair:3   | Found a dark tunnel.
  7986 | Lair:3   | Reached skill level 13 in Polearms
  8060 | Lair:3   | Found the +5 robe of Misfortune {Harm *Corrode *Slow EV+5}
  8091 | Lair:3   | Noticed a death yak
  8093 | Lair:3   | Noticed a death yak
  8095 | Lair:3   | Noticed a death yak
  8172 | Lair:3   | Noticed Amaemon
  8182 | Lair:3   | Killed Amaemon
  8249 | Lair:3   | Found a hole to the Spider Nest.
  8305 | Lair:3   | Killed a death yak
  8311 | Lair:3   | Killed a death yak
  8312 | Lair:3   | Reached skill level 14 in Polearms
  8313 | Lair:3   | Killed a death yak
  8529 | Lair:3   | Noticed a dire elephant
  8529 | Lair:3   | Noticed a catoblepas
  8549 | Lair:3   | Found a runed translucent door.
  8965 | Lair:4   | Reached skill level 15 in Polearms
  9151 | Lair:4   | Noticed a boulder beetle
  9158 | Lair:4   | Killed a boulder beetle
  9159 | Lair:4   | Gained mutation: You are strongly in touch with the powers
                  | of death. [Mummy growth]
  9159 | Lair:4   | Reached XP level 13. HP: 61/103 MP: 11/19
  9802 | Lair:5   | Entered Level 5 of the Lair of Beasts
 10007 | Lair:5   | Reached skill level 16 in Polearms
 10073 | Lair:5   | Identified the +2 leather armour "Raumur" {rF+ Will+}
 10275 | Lair:5   | Found a burning altar of Makhleb.
 10285 | Lair:5   | Found a viscous altar of Jiyva.
 10287 | Lair:5   | Found a staircase to the Slime Pits.
 10696 | Lair:5   | Reached skill level 17 in Polearms
 10840 | Lair:5   | Identified the +4 scale mail "Iwusehit" {+Blink Dex+3
                  | Stlth+}
 11107 | Lair:5   | Reached XP level 14. HP: 104/110 MP: 13/20
 11271 | Lair:5   | Identified the +1 chain mail of Yxischepe {*Slow rElec rC+}
 11706 | Lair:2   | Reached skill level 18 in Polearms
 12004 | Lair:2   | Found a staircase to the Shoals.
 12527 | D:5      | Bought a scroll of acquirement for 728 gold pieces
 12527 | D:5      | Acquired the +7 glaive of the Hero {vorpal, rF+ Str+7}
 12617 | D:10     | Entered Level 10 of the Dungeon
 12644 | D:10     | Identified the +12 war axe of Siusud {vorpal, rPois}
 12772 | D:10     | Found a staircase to the Orcish Mines.
 13402 | D:11     | Found Filu Zest's Antique Weapon Shop.
 13602 | D:11     | Found Deysus's Assorted Antiques.
 13611 | D:11     | Bought a scroll of teleportation for 90 gold pieces
 13669 | D:11     | Found Puihoun's Magic Scroll Emporium.
 13973 | D:11     | Found Cabroumuq's Magic Scroll Boutique.
 14044 | D:11     | Identified the +8 arbalest of Doom {freeze, rF++ Str-2}
 14047 | D:11     | Identified the +11 long sword of Defenestration {spect,
                  | Str+4 Dex+5}
 14248 | Lair:1   | Killed pigah's ghost
 14465 | D:7      | Killed Valamore's ghost
 14741 | D:12     | Reached skill level 19 in Polearms
 14974 | D:12     | Noticed Frances
 14986 | D:12     | Killed Frances
 15375 | D:13     | Found Odir's Weapon Emporium.
 15564 | D:13     | Found Mehuc's Antique Armour Shop.
 15581 | D:13     | Found Pumiliocoe's Magic Scroll Shoppe.
 15720 | D:13     | Bought a scroll of summoning for 171 gold pieces
 15738 | D:13     | Noticed Josephine
 15743 | D:13     | Killed Josephine
 15866 | D:13     | Reached XP level 15. HP: 95/115 MP: 21/21
 15908 | D:13     | Found Budack's Magic Scroll Emporium.
 15924 | D:13     | Identified the +2 robe of Undesirable Species {Rampage
                  | *Corrode Slay+5}
 16026 | D:13     | Found Gecs's Book Boutique.
 16338 | D:14     | Noticed Rupert
 16338 | D:14     | Noticed Nessos
 16338 | D:14     | Found a gate to the Vaults.
 16340 | D:14     | Killed Nessos
 16341 | D:14     | Reached skill level 20 in Polearms
 16683 | D:15     | Entered Level 15 of the Dungeon
 16718 | D:15     | Reached skill level 5 in Dodging
 16768 | D:15     | Found a staircase to the Depths.
 16961 | D:15     | Found a broken altar of Ashenzari.
 17261 | D:15     | Found a shimmering altar of Xom.
 17261 | D:15     | Found a shimmering altar of Xom.
 17263 | D:15     | Found an opulent altar of Gozag.
 17263 | D:15     | Found an iron altar of Okawaru.
 17263 | D:15     | Found a hazy altar of Hepliaklqana.
 17679 | D:14     | Killed Rupert
 17739 | D:14     | Noticed Agnes
 18104 | D:14     | Killed Agnes
 18323 | D:14     | Identified the +0 chain mail of Reason {rN++ Int+2}
 18973 | Orc:1    | Entered Level 1 of the Orcish Mines
 19162 | Orc:1    | Found a radiant altar of Vehumet.
 19467 | Orc:2    | Entered Level 2 of the Orcish Mines
 20416 | Orc:2    | Noticed Saint Roka
 20433 | Orc:2    | Shot with a bolt by Saint Roka

Illustrated notes

Levels and vault maps discovered:
D:1:      eino_arrival_cavern_d, layout_rooms,
          dreamdust_ecumenical_altar_drowned_temple, st_stairs_11
D:2:      layout_basic, basic_altar
D:4:      layout_layer_cave, minmay_temple_entry_gardened_gates
D:5:      layout_basic, enter_ossuary_4, serial_shops,
          nicolae_shop_hallway_plus, kennysheep_mini, nicolae_shop_behind_doors,
          shop_fountains, shop, uniq_blork_the_orc
D:6:      layout_rooms, corexii_leaking_fountain, kennysheep_crisscross,
          uniq_grinder
D:7:      layout_cave_pools, gammafunk_ghost_abyssal_escape, serial_shops,
          nicolae_shop_competitors_out_of_business
D:8:      layout_basic, mainiacjoe_overflow_small_starburst, uniq_erica
D:9:      cheibrodos_fzero, layout_loops_ring, erik_lair_island
D:10:     layout_gridville, zombieorc1_lemuel
D:11:     layout_cave_pods, serial_shops, nicolae_shop_waterfront, shop,
          nicolae_shop_behind_doors, nicolae_diamond_shop, serial_park,
          serial_park_tiny_1, serial_park_square1 [serial_park_minivault_5x5_7],
          serial_park_square3 [serial_park_minivault_5x5_5], serial_park_gazebo
          [serial_park_minivault_5x5_6], minmay_misc_feat_x
D:12:     layout_gridville, uniq_frances
D:13:     layout_basic, serial_shops, nicolae_shop_statue_plus,
          nicolae_shop_hallway_stairs, shop_fountains, nicolae_shop_waterfront,
          nicolae_take_the_stairs, uniq_josephine
D:14:     layout_gridville, david_vaults_3, minmay_misc_feat_five,
          kennysheep_generic_room_3, uniq_agnes, uniq_rupert
D:15:     hangedman_depths_entry_civil_slaughter, layout_basic,
          doesnt_xom_only_xom, ashenzari_altar_1
Lair:1:   layout_concentric_octagons, nzn_ghost_randoct, special_room
          [special_room_bee]
Lair:2:   layout_long_grid, elwin_shoals_entry_rocks, beast_lair_carwin_3
Lair:3:   gammafunk_lair_enchanted_lake, layout_chaotic_city,
          spider_nest_entry_funnel_web, nicolae_volcano_entry_batcave,
          uniq_amaemon
Lair:4:   layout_cave_pods
Lair:5:   hangedman_lair_in_review, layout_gridlike,
          hangedman_lair_caniforms_friends, dpeg_slime_entry_corner,
          basic_altar, infiniplex_staircase_pool_2
Orc:1:    layout_caves, basic_altar
Orc:2:    st_orc_mages, layout_caves, uniq_saint_roka

Skill      XL: |  1  2  3  4  5  6  7  8  9 10 11 12 13 14 15 |
---------------+----------------------------------------------+-----
Fighting       | 4 5 6 8 10 | 10.0
Invocations    | 1 2 3 4 6 8 |  8.5
Polearms       | 5 9 12 15 17 19 20 | 20.0
Dodging        | 9 |  9.4
Stealth        | |  1.5

Action                   |  1- 3 |  4- 6 |  7- 9 | 10-12 | 13-15 || total
-------------------------+-------+-------+-------+-------+-------++-------
Melee: Spear             |    82 |       |       |       |       ||    82
       Punch             |     1 |       |       |       |       ||     1
       Short sword       |    50 |       |       |       |       ||    50
       Glaive            |     5 |    56 |   110 |   321 |   815 ||  1307
       Bardiche          |       |       |       |       |    36 ||    36
Throw: Dart              |       |     2 |     4 |     7 |    21 ||    34
       Throwing net      |       |       |       |     2 |     3 ||     5
Invok: Bend Time         |       |     3 |     4 |    12 |    20 ||    39
       Slouch            |       |       |     1 |     7 |    19 ||    27
       Temporal Distorti |       |       |       |       |     8 ||     8
Evoke: Wand              |       |       |     3 |     2 |     5 ||    10
       Condenser vane    |       |       |       |     1 |     4 ||     5
       Phantom mirror    |       |       |       |       |     3 ||     3
  Use: Scroll            |       |     8 |     5 |    12 |    27 ||    52
 Stab: Sleeping          |     4 |     3 |       |       |     8 ||    15
       Distracted        |       |       |       |     5 |    15 ||    20
       Held in net/web   |       |       |       |       |     2 ||     2
       Confused          |       |       |       |       |     1 ||     1
       Invisible         |       |       |       |       |     1 ||     1
Armor: Robe              |     3 |       |       |       |       ||     3
       Ring mail         |    39 |    60 |     8 |       |       ||   107
       Chain mail        |       |       |    53 |   164 |    77 ||   294
       Scale mail        |       |       |       |       |   168 ||   168
Dodge: Dodged            |    92 |    61 |    71 |   136 |   295 ||   655
Block: Other             |       |       |       |       |    28 ||    28
       Reflection        |       |       |       |       |     9 ||     9

Table legend: (Time is in decaauts)
 A = Elapsed time spent in this place.
 B = Non-inter-level travel time spent in this place.
 C = Inter-level travel time spent in this place.
 D = Time resting spent in this place.
 E = Time spent auto-exploring this place.
 F = Levels seen in this place.
 G = Mean time per level.
                   A        B        C        D        E       F      G
               +--------+--------+--------+--------+--------+-----+--------+
         Total |  30872 |  27299 |   3573 |    917 |  22187 |  22 | 1403.3 |
       Dungeon |  19052 |  17151 |   1901 |    364 |  14327 |  14 | 1360.9 |
          Lair |   9559 |   8082 |   1477 |     94 |   6729 |   5 | 1911.8 |
  Orcish Mines |   1889 |   1695 |    194 |    459 |    854 |   2 |  944.5 |
       Ossuary |    370 |    370 |      0 |      0 |    275 |   1 |  370.0 |
               +--------+--------+--------+--------+--------+-----+--------+

Top non-repeatable levels by time:
  Lair:5: 2449 daAuts
    D:13: 2009 daAuts
  Lair:2: 1925 daAuts
     D:4: 1847 daAuts
     D:9: 1793 daAuts
  Lair:4: 1764 daAuts
  Lair:3: 1735 daAuts
    D:14: 1696 daAuts
  Lair:1: 1684 daAuts
     D:5: 1551 daAuts
    D:11: 1533 daAuts
    D:15: 1494 daAuts
   Orc:1: 1280 daAuts
    D:10: 1272 daAuts
     D:8: 1252 daAuts
